 Dungeon Sprint DCSS version 0.30-a0-304-gdc4b735fe1 (webtiles) character file.

Game seed: 395924641310072406

61124 Iusername the Minotaur Barricade (level 14, -17/148 HPs)
             Began as a Minotaur Fighter on Oct 20, 2022.
             Was the Champion of Trog.
             Killed from afar by an ancient champion (31 damage)
             ... with an iron shot
             ... in the Dungeon (Sprint V: "Ziggurat Sprint").
             The game lasted 00:27:48 (2460 turns).

Iusername the Minotaur Barricade (Minotaur Fighter) Turns: 2460, Time: 00:27:50

Health: -17/148    AC: 42    Str: 36    XL:     14   Next: 59%
Magic:  13/13      EV:  8    Int:  5    God:    Trog [******]
Gold:   0          SH: 35    Dex: 12    Spells: 13/13 levels left

rFire   + . .      SeeInvis .    E - +15 lance "Wyrmbane" {slay drac, rPois rF+ rC+ AC+3}
rCold   + . .      Faith    +    D - +18 shield of the Gong {rElec rN+ Will+ EV-5}
rNeg    + . .      Spirit   .    C - +15 Maxwell's patent armour {-Cast -Tele rElec Will+ rCorr}
rPois   +          Reflect  .    (helmet restricted)
rElec   +          Harm     .    v - scarf {+Inv}
rCorr   +          Rampage  +    (no gloves)
Will    +++++      NoTele   +    J - +2 pair of boots {rampage}
Stlth   .......... NoCast   +    M - amulet "Vixzyliwn" {Faith Will++ Regen+ rCorr Stlth-}
HPRegen 1.24/turn                A - +6 ring of strength
MPRegen 0.13/turn                B - +6 ring of strength

@: on berserk cooldown, slowed, studying Stealth, very slow
A: horns 2, retaliatory headbutt
a: Renounce Religion, Evoke Invisibility, Berserk, Trog's Hand, Brothers in Arms


You were in the Dungeon.
You worshipped Trog.
Trog was exalted by your worship.
You visited 1 branch

Inventory:

Hand Weapons
 E - the +15 lance "Wyrmbane" (weapon) {slay drac, rPois rF+ rC+ AC+3}
   (You found it in the Dungeon)

   It inflicts extra damage against dragons and draconians.
   AC:        It affects your AC (+3).
   rF:        It protects you from fire.
   rC:        It protects you from cold.
   rPois:     It protects you from poison.
Armour
 v - a scarf of invisibility (worn)
 C - the +15 Maxwell's patent armour (worn) {-Cast -Tele rElec Will+ rCorr}
   (You found it in the Dungeon)

   rElec:     It insulates you from electricity.
   -Cast:     It prevents spellcasting.
   -Tele:     It prevents most forms of teleportation.
   rCorr:     It protects you from acid and corrosion.
   Will:      It increases your willpower.
 D - the +18 shield of the Gong (worn) {rElec rN+ Will+ EV-5}
   (You found it in the Dungeon)

   It is deafeningly noisy when blocking attacks.
   EV:        It affects your evasion (-5).
   rElec:     It insulates you from electricity.
   rN:        It protects you from negative energy.
   Will:      It increases your willpower.
 J - a +2 pair of boots of rampaging (worn)
Jewellery
 A - a +6 ring of strength (left hand)
 B - a +6 ring of strength (right hand)
 M - the amulet "Vixzyliwn" (around neck) {Faith Will++ Regen+ rCorr Stlth-}
   (You found it in the Dungeon)

   [amulet of faith]

   It allows you to gain divine favour quickly.
   Regen:     It increases your rate of health regeneration.
   rCorr:     It protects you from acid and corrosion.
   Will:      It greatly increases your willpower.
   Stlth:     It makes you less stealthy.
Wands
 s - a wand of mindburst (7)
 t - a wand of iceblast (7)
 u - a wand of light (7)
Scrolls
 j - 4 scrolls of blinking
 o - 4 scrolls of amnesia
 p - 7 scrolls of butterflies
 q - 5 scrolls of identify
 r - 2 scrolls of fear
 L - 3 scrolls of enchant armour
Potions
 d - 6 potions of might
 e - 10 potions of curing
 f - 7 potions of heal wounds
 g - 10 potions of haste
 h - 7 potions of magic
 k - 2 potions of brilliance
 l - 2 potions of invisibility
 m - 4 potions of resistance
Miscellaneous
 a - a lightning rod (4/4) (quivered)
 b - a tin of tremorstones (2/2)
 i - a phantom mirror
 x - a piece from Xom's chessboard (15/15)
 F - a box of beasts
 H - a phial of floods
 I - a condenser vane


   Skills:
 + Level 20.2 Fighting
 + Level 8.1(14.2) Axes
 + Level 18.2(18.8) Polearms
 + Level 22.7 Armour
 + Level 8.8 Dodging
 + Level 7.3 Stealth
 O Level 27 Shields
 + Level 13.8 Evocations


You had 13 spell levels left.
You didn't know any spells.
Your spell library was empty.

Dungeon Overview and Level Annotations

Branches:
Dungeon (1/1)

Altars:
Ashenzari
Cheibriados
Dithmenos
Elyvilon
Fedhas
Gozag
Hepliaklqana
Kikubaaqudgha
Makhleb
Nemelex Xobeh
Okawaru
Qazlal
Ru
Sif Muna
Trog
Uskayaw
Vehumet
Wu Jian
Xom
Yredelemnul
Zin
The Shining One
Jiyva
Lugonu


Innate Abilities, Weirdness & Mutations

You have a pair of horns on your head.
You reflexively headbutt those who attack you in melee.


Message History

You impale the iron golem!!
The iron golem is heavily damaged.
You block the ancient champion's attack.
SHROANNG!
You hit the iron golem. You headbutt the iron golem!!
The iron golem is severely damaged.
You impale the iron golem!! You headbutt the iron golem!
The iron golem is severely damaged.
You block the ancient champion's attack.
GONNNNG!
You block the iron golem's attack.
BOUMMMMG!
You block the iron golem's attack.
SHROANNG!
You hit the iron golem but do no damage.
The iron golem is severely damaged.
You puncture the iron golem!
The iron golem is almost destroyed.
You block the ancient champion's attack.
PANG!
You spit the iron golem like a pig!!!
You destroy the iron golem!
Trog accepts your kill.
Found eight items.
You see here a caustic shrike corpse.
You impale the ancient champion!!
The ancient champion is moderately damaged.
You block the ancient champion's attack.
PTOANNNG!
You hit the ancient champion.
Your headbutt misses the ancient champion.
The ancient champion is moderately damaged.
You impale the ancient champion!!
The ancient champion is severely damaged.
You are no longer berserk.
You are exhausted.
You feel yourself slow down.
The ancient champion casts a spell at you.
The iron shot hits you!!
You die...

▓.~..8©8~.
▓..}=)[)|:)...▓..|~|~}|:
▓..°○§[§"|=...▓..[:~:):)
▓...§§§..☼....▓~..~.....
▓..§§○.°☼§§...▓~.)))).)~
▓.....°§..§...▓.~~~..~..
▓.............▓~.~.~.)..
▓......)......▓..▓.))..▓
▓.))@...▓ ▓.▓▓▓..)▓▓ ▓
▓▓.)z..▓▓ ▓.~▓~....▓
▓..▓.......▓..▓....~©.~.
▓.............▓▓▓▓▓▓▓▓▓▓
▓......©......▓....8©8..
▓▓▓▓▓▓▓▓▓▓▓▓▓▓▓..:="|)))
▓...|.[)|| ▓.........
▓.....|...


You could see an ancient champion (fast).

Vanquished Creatures
  3 caustic shrikes (D)
  A Hell Sentinel (D)
  3 deep elf blademasters (D)
  A deep elf master archer (D)
  2 ancient champions (D)
  A deep elf sorcerer (D)
  A quicksilver elemental (D)
  An iron dragon (D)
  A draconian shifter (D)
  3 war gargoyles (D)
  A stone giant (D)
  2 green draconians (D)
  4 yellow draconians (D)
  3 purple draconians (D)
  3 black draconians (D)
  A white draconian (D)
  2 iron golems (D)
  A merfolk javelineer (D)
  A crystal guardian (D)
  2 merfolk aquamancers (D)
  An ironbound frostheart (D)
  A satyr (D)
  An orc high priest (D)
  4 soul eaters (D)
  2 spriggan druids (D)
  A harpy (D)
  3 deep elf pyromancers (D)
  8 draconians (D)
  4 toenail golems (D)
  A black mamba (D)
  3 vault sentinels (D)
  3 water nymphs (D)
  A naga mage (D)
  A hellion (D)
  2 merfolk (D)
  A hornet (D)
  2 spriggans (D)
  An air elemental (D)
  A water elemental (D)
  A naga (D)
  2 starcursed masses (D)
  4 black bears (D)
  4 earth elementals (D)
  An iron imp (D)
  A quasit (D)
  3 orc priests (D)
  An orc wizard (D)
  2 adders (D)
  A shadow imp (D)
  2 ufetubi (D)
  A spectral adder (D)
  3 orcs (D)
  A ball python (D)
  A bat skeleton (D)
  A ball python zombie (D)
  A quokka skeleton (D)
  A quokka zombie (D)
  A spectral ball python (D)
110 creatures vanquished.

Vanquished Creatures (collateral kills)
  A quicksilver elemental (D)
  A war gargoyle (D)
  2 stone giants (D)
  A white draconian (D)
  A merfolk javelineer (D)
  3 iron golems (D)
  A crystal guardian (D)
  A merfolk aquamancer (D)
  2 dancing weapons (D)
  A manticore (D)
  A gargoyle (D)
  A hornet (D)
  A spriggan (D)
  A wraith (D)
  A ynoxinul (D)
  2 starcursed masses (D)
  An iron imp (D)
22 creatures vanquished.

Grand Total: 132 creatures vanquished

Notes
Turn   | Place    | Note
-------+----------+-------------------------------------------
     0 | D        | Iusername the Minotaur Fighter began the quest for the Orb.
     0 | D        | Reached XP level 1. HP: 19/19 MP: 0/0
     0 | D        | Found a shimmering blue altar of Sif Muna.
     0 | D        | Found a bloodstained altar of Trog.
     0 | D        | Found a sacrificial altar of Ru.
     0 | D        | Found a stormy altar of Qazlal.
     0 | D        | Found an iron altar of Okawaru.
     1 | D        | Found a sparkling altar of Nemelex Xobeh.
     1 | D        | Found a blossoming altar of Fedhas.
     1 | D        | Found the +6 Majin-Bo {vamp, MP+6 Int+6}
     1 | D        | Found the +9 heavy crossbow "Sniper" {vorpal, Acc+∞ SInv}
     1 | D        | Found the +10 dark maul {vorpal}
     1 | D        | Found the +15 Maxwell's patent armour {-Cast -Tele rElec
                  | Will+ rCorr}
     1 | D        | Found the +18 shield of the Gong {rElec rN+ Will+ EV-5}
     1 | D        | Found the +14 obsidian axe {vorpal, Mesm Drain Fly SInv}
     1 | D        | Found the +7 great mace "Firestarter" {inner flame, rF++}
     1 | D        | Found the +6 shillelagh "Devastator" {shatter}
     1 | D        | Found the +11 plutonium sword {Contam Stlth-}
     1 | D        | Found the +8 lance "Wyrmbane" {slay drac, rPois rF+ rC+
                  | AC+3}
     1 | D        | Found the +9 sword of Zonguldrok {reap}
     1 | D        | Found the +13 scythe of Curses {drain, Drain}
     1 | D        | Found the +5 sword of Power {vorpal}
     1 | D        | Found the +7 mace of Variability {chain chaos}
     1 | D        | Found the +7 Singing Sword {vorpal, sonic wave}
     1 | D        | Found the +8 storm bow {elec, penet}
     3 | D        | Found a transporter.
     3 | D        | Found an ancient bone altar of Kikubaaqudgha.
     3 | D        | Found a viscous altar of Jiyva.
     3 | D        | Found a corrupted altar of Lugonu.
     3 | D        | Found a hazy altar of Hepliaklqana.
     3 | D        | Found a burning altar of Makhleb.
     3 | D        | Found an opulent altar of Gozag.
   149 | D        | Became a worshipper of Trog the Wrathful
   197 | D        | Entered arena 2.
   197 | D        | Noticed an orc priest
   197 | D        | Noticed an orc priest
   197 | D        | Found a transporter.
   203 | D        | Killed an orc priest
   204 | D        | Reached skill level 5 in Fighting
   204 | D        | Reached skill level 5 in Armour
   204 | D        | Reached skill level 5 in Shields
   204 | D        | Reached XP level 2. HP: 29/29 MP: 1/1
   204 | D        | Reached XP level 3. HP: 36/36 MP: 2/2
   207 | D        | Reached skill level 6 in Shields
   212 | D        | Entered arena 3.
   212 | D        | Found a transporter.
   216 | D        | Reached * piety under Trog
   217 | D        | Reached skill level 1 in Polearms
   217 | D        | Reached XP level 4. HP: 42/45 MP: 3/3
   218 | D        | Reached skill level 7 in Shields
   225 | D        | Entered arena 4.
   225 | D        | Noticed a black draconian
   225 | D        | Noticed a draconian
   225 | D        | Noticed a draconian
   225 | D        | Noticed a draconian
   225 | D        | Found a transporter.
   228 | D        | Killed a draconian
   228 | D        | Reached ** piety under Trog
   229 | D        | Reached skill level 5 in Axes
   229 | D        | Reached skill level 10 in Shields
   229 | D        | Reached XP level 5. HP: 57/57 MP: 4/4
   229 | D        | Reached XP level 6. HP: 64/64 MP: 5/5
   232 | D        | Killed a draconian
   233 | D        | Reached skill level 10 in Fighting
   233 | D        | Reached skill level 5 in Polearms
   233 | D        | Reached skill level 10 in Armour
   233 | D        | Reached skill level 12 in Shields
   233 | D        | Reached XP level 7. HP: 73/73 MP: 6/6
   240 | D        | Killed a black draconian
   241 | D        | Reached skill level 1 in Stealth
   241 | D        | Reached skill level 13 in Shields
   241 | D        | Reached XP level 8. HP: 57/83 MP: 7/7
   243 | D        | Killed a draconian
   243 | D        | Reached *** piety under Trog
   252 | D        | Got the amulet "Yrchig" {rC++ Regen+ Str-3}
   255 | D        | Reached skill level 14 in Shields
   256 | D        | Reached XP level 9. HP: 70/91 MP: 8/8
   309 | D        | Entered arena 5.
   309 | D        | Noticed a vault sentinel
   309 | D        | Noticed an ironbound frostheart
   309 | D        | Noticed a vault sentinel
   309 | D        | Noticed a vault sentinel
   309 | D        | Found a transporter.
   316 | D        | Killed a vault sentinel
   316 | D        | Killed a vault sentinel
   316 | D        | Reached **** piety under Trog
   317 | D        | Reached skill level 1 in Evocations
   317 | D        | Reached XP level 10. HP: 81/101 MP: 9/9
   320 | D        | Killed a vault sentinel
   321 | D        | Reached skill level 15 in Shields
   328 | D        | Killed an ironbound frostheart
   329 | D        | Reached skill level 10 in Polearms
   585 | D        | Entered arena 6.
   585 | D        | Found the +3 Elemental Staff {rElec rF++ rC++ AC+5}
   585 | D        | Found a transporter.
   588 | D        | Reached ***** piety under Trog
   603 | D        | Entered arena 7.
   603 | D        | Noticed a naga mage
   603 | D        | Noticed a black mamba
   605 | D        | Found a transporter.
   606 | D        | Killed a black mamba
   606 | D        | Identified the +6 halberd of the Middle {vorpal, rF++}
                  | (Trog gifted it to you in the Dungeon)
   606 | D        | Received a gift from Trog
   624 | D        | Killed a naga mage
   848 | D        | Entered arena 8.
   848 | D        | Noticed a starcursed mass
   855 | D        | Received a gift from Trog
   858 | D        | Killed a starcursed mass
   859 | D        | Reached skill level 16 in Shields
   860 | D        | Found a transporter.
   863 | D        | Killed a starcursed mass
   868 | D        | Killed a starcursed mass
   880 | D        | Reached ****** piety under Trog
   905 | D        | Entered arena 9.
   905 | D        | Noticed a draconian
   905 | D        | Noticed a yellow draconian
   905 | D        | Noticed a draconian
   905 | D        | Noticed a draconian
   905 | D        | Noticed a draconian
   905 | D        | Noticed a draconian
   905 | D        | Noticed a black draconian
   912 | D        | Killed a draconian
   912 | D        | Received a gift from Trog
   917 | D        | Killed a draconian
   918 | D        | Reached skill level 17 in Shields
   918 | D        | Reached XP level 11. HP: 110/110 MP: 10/10
   923 | D        | Killed a black draconian
   924 | D        | Reached skill level 5 in Evocations
   927 | D        | Found a transporter.
   933 | D        | Killed a yellow draconian
   934 | D        | Reached skill level 15 in Armour
   934 | D        | Reached skill level 18 in Shields
   982 | D        | Entered arena 10.
   993 | D        | Received a gift from Trog
   994 | D        | Reached skill level 19 in Shields
  1013 | D        | Found a transporter.
  1039 | D        | Got the amulet "Bohes" {Acrobat SInv}
  1042 | D        | Entered arena 11.
  1042 | D        | Noticed a spriggan rider
  1042 | D        | Noticed a spriggan rider
  1042 | D        | Noticed a spriggan druid
  1042 | D        | Noticed a spriggan druid
  1045 | D        | Received a gift from Trog
  1049 | D        | Killed a spriggan druid
  1050 | D        | Reached skill level 20 in Shields
  1050 | D        | Killed a spriggan druid
  1050 | D        | Received a gift from Trog
  1051 | D        | Reached skill level 15 in Fighting
  1062 | D        | Found a transporter.
  1116 | D        | Entered arena 12.
  1116 | D        | Noticed a caustic shrike
  1116 | D        | Noticed a soul eater
  1116 | D        | Noticed a soul eater
  1116 | D        | Noticed a soul eater
  1116 | D        | Noticed a soul eater
  1120 | D        | Received a gift from Trog
  1132 | D        | Killed a soul eater
  1133 | D        | Reached skill level 21 in Shields
  1142 | D        | Killed a soul eater
  1143 | D        | Reached XP level 12. HP: 102/121 MP: 11/11
  1185 | D        | Killed a caustic shrike
  1186 | D        | Reached skill level 22 in Shields
  1206 | D        | Received a gift from Trog
  1414 | D        | Found a transporter.
  1427 | D        | Got the amulet "Vixzyliwn" {Faith Will++ Regen+ rCorr
                  | Stlth-}
  1441 | D        | Entered arena 13.
  1441 | D        | Noticed a stone giant
  1441 | D        | Noticed a crystal guardian
  1441 | D        | Noticed an iron dragon
  1441 | D        | Noticed an iron golem
  1441 | D        | Noticed a stone giant
  1441 | D        | Noticed an iron golem
  1441 | D        | Noticed an iron golem
  1442 | D        | Noticed a stone giant
  1443 | D        | Noticed an iron golem
  1445 | D        | Noticed a crystal guardian
  1446 | D        | Killed a stone giant
  1448 | D        | Killed a stone giant
  1449 | D        | Killed a stone giant
  1450 | D        | Reached skill level 23 in Shields
  1450 | D        | Killed a crystal guardian
  1451 | D        | Killed a crystal guardian
  1477 | D        | Killed an iron golem
  1477 | D        | Received a gift from Trog
  1478 | D        | Reached skill level 5 in Dodging
  1509 | D        | Killed an iron golem
  1510 | D        | Reached skill level 15 in Polearms
  1515 | D        | Killed an iron dragon
  1516 | D        | Reached skill level 24 in Shields
  1520 | D        | Killed an iron golem
  1523 | D        | Killed an iron golem
  1525 | D        | Found a transporter.
  1803 | D        | Entered arena 14.
  1804 | D        | Noticed a green draconian
  1804 | D        | Noticed a purple draconian
  1804 | D        | Noticed a purple draconian shifter
  1804 | D        | Noticed a green draconian
  1804 | D        | Noticed a white draconian
  1804 | D        | Noticed a white draconian
  1804 | D        | Noticed a black draconian
  1804 | D        | Noticed a purple draconian
  1805 | D        | Noticed a yellow draconian
  1805 | D        | Noticed a yellow draconian
  1805 | D        | Identified the +4 bardiche of the Depths {freeze, rPois rF+
                  | rCorr Str+3}
  1805 | D        | Noticed a yellow draconian
  1808 | D        | Identified the ring of Tomorrow {rF+ rC+ Int+2 Slay+3}
  1808 | D        | Noticed a purple draconian
  1821 | D        | Killed a purple draconian
  1824 | D        | Killed a yellow draconian
  1824 | D        | Received a gift from Trog
  1825 | D        | Reached XP level 13. HP: 126/132 MP: 12/12
  1827 | D        | Killed a white draconian
  1828 | D        | Reached skill level 25 in Shields
  1829 | D        | Killed a white draconian
  1830 | D        | Killed a black draconian
  1834 | D        | Killed a purple draconian
  1838 | D        | Killed a green draconian
  1840 | D        | Killed a purple draconian
  1843 | D        | Killed a purple draconian shifter
  1843 | D        | Received a gift from Trog
  1844 | D        | Reached skill level 26 in Shields
  1844 | D        | Killed a yellow draconian
  1849 | D        | Killed a green draconian
  1856 | D        | Killed a yellow draconian
  1932 | D        | Found a transporter.
  1950 | D        | Entered arena 15.
  1951 | D        | Noticed a deep elf sorcerer
  1951 | D        | Noticed a deep elf blademaster
  1951 | D        | Noticed a deep elf blademaster
  1951 | D        | Noticed a deep elf master archer
  1952 | D        | Noticed a deep elf blademaster
  1957 | D        | Paralysed by an air elemental for 1 turns
  1958 | D        | Reached skill level 10 in Evocations
  1958 | D        | Received a gift from Trog
  1959 | D        | Reached skill level 27 in Shields
  1961 | D        | Reached skill level 5 in Stealth
  1966 | D        | Killed a deep elf master archer
  1966 | D        | Paralysed by an air elemental for 1 turns
  1973 | D        | Killed a deep elf blademaster
  1974 | D        | Killed a deep elf blademaster
  1976 | D        | Killed a deep elf sorcerer
  1980 | D        | Paralysed by an air elemental for 1 turns
  1985 | D        | Received a gift from Trog
  1994 | D        | Killed a deep elf blademaster
  1998 | D        | Received a gift from Trog
  1999 | D        | Found a transporter.
  2169 | D        | Got the ring of Vogasaebry {Fly Str+2}
  2189 | D        | Entered arena 16.
  2190 | D        | Noticed a merfolk javelineer
  2190 | D        | Noticed a merfolk javelineer
  2194 | D        | Killed a merfolk javelineer
  2194 | D        | Identified the +2 leather armour of Hedge Wizardry {Int+3}
  2195 | D        | Found a transporter.
  2195 | D        | Identified the +6 trident of Hairy Extermination
                  | {antimagic, Dex+4} (Trog gifted it to you in the Dungeon)
  2195 | D        | Received a gift from Trog
  2195 | D        | Killed a merfolk javelineer
  2195 | D        | Received a gift from Trog
  2196 | D        | Reached XP level 14. HP: 110/144 MP: 13/13
  2199 | D        | Received a gift from Trog
  2387 | D        | Entered arena 17.
  2390 | D        | Noticed a war gargoyle
  2390 | D        | Noticed a quicksilver elemental
  2390 | D        | Noticed an ancient champion
  2390 | D        | Noticed a quicksilver elemental
  2390 | D        | Noticed a caustic shrike
  2390 | D        | Noticed a war gargoyle
  2391 | D        | Noticed a caustic shrike
  2391 | D        | Noticed a war gargoyle
  2391 | D        | Noticed an ancient champion
  2392 | D        | Noticed an ancient champion
  2392 | D        | Noticed a war gargoyle
  2394 | D        | Noticed a Hell Sentinel
  2395 | D        | Killed a war gargoyle
  2401 | D        | Killed a caustic shrike
  2402 | D        | Killed a caustic shrike
  2405 | D        | Killed a quicksilver elemental
  2407 | D        | Killed a quicksilver elemental
  2407 | D        | Received a gift from Trog
  2410 | D        | Killed a war gargoyle
  2416 | D        | Killed a war gargoyle
  2419 | D        | Killed a war gargoyle
  2429 | D        | Killed a Hell Sentinel
  2430 | D        | Killed an ancient champion
  2430 | D        | Received a gift from Trog
  2441 | D        | Killed an ancient champion
  2460 | D        | Killed from afar by an ancient champion

Illustrated notes

Levels and vault maps discovered:
D:        sprint_v [room_start, room_1, room_2, room_3, room_4, room_5, room_6,
          room_7, room_8, room_9, room_10, room_11, room_12, room_13, room_14,
          room_15, room_16, room_17, room_18, room_19, room_20, room_21,
          room_22, room_23, room_24, room_25, room_26, room_27]

Skill      XL: |  1  2  3  4  5  6  7  8  9 10 11 12 13 14 |
---------------+-------------------------------------------+-----
Fighting       | 5 6 9 10 11 12 13 14 15 17 18 20 | 20.2
Axes           | 3 5 6 7 8 |  8.1
Armour         | 5 6 9 10 11 12 13 14 15 16 20 22 | 22.7
Shields        | 5 6 10 12 13 14 17 21 24 27 | 27.0
Polearms       | 1 4 5 7 8 9 11 13 15 17 18 | 18.2
Dodging        | 2 4 5 7 8 |  8.8
Stealth        | 1 2 3 6 7 |  7.3
Evocations     | 1 4 8 9 12 13 | 13.8

Action                   |  1- 3 |  4- 6 |  7- 9 | 10-12 | 13-15 || total
-------------------------+-------+-------+-------+-------+-------++-------
Melee: Lance             |    10 |     7 |    10 |   273 |   128 ||   428
       Headbutt          |     2 |     1 |     1 |    65 |    29 ||    98
Invok: Berserk           |       |       |       |     4 |     2 ||     6
       Trog's Hand       |       |       |       |     2 |       ||     2
       Brothers in Arms  |       |       |       |     4 |     5 ||     9
Evoke: Box of beasts     |       |     1 |     1 |     6 |     3 ||    11
       Lightning rod     |       |       |     3 |    12 |       ||    15
       Phial of floods   |       |       |     1 |     6 |     2 ||     9
       Condenser vane    |       |       |       |     7 |     3 ||    10
       Phantom mirror    |       |       |       |     4 |     3 ||     7
  Use: Potion            |       |     1 |     1 |    14 |       ||    16
       Scroll            |       |       |       |     1 |       ||     1
 Stab: Distracted        |       |       |     1 |     1 |     1 ||     3
Armor: Plate armour      |    12 |     3 |     1 |    83 |    76 ||   175
Dodge: Dodged            |     2 |       |       |    24 |    18 ||    44
Block: Kite shield       |    21 |     4 |     6 |   393 |   184 ||   608

Table legend: (Time is in decaauts)
 A = Elapsed time spent in this place.
 B = Non-inter-level travel time spent in this place.
 C = Inter-level travel time spent in this place.
 D = Time resting spent in this place.
 E = Time spent auto-exploring this place.
 F = Levels seen in this place.
 G = Mean time per level.
                   A        B        C        D        E       F      G
               +--------+--------+--------+--------+--------+-----+--------+
         Total |   2271 |   2271 |      0 |   1398 |     14 |   1 | 2271.0 |
       Dungeon |   2271 |   2271 |      0 |   1398 |     14 |   1 | 2271.0 |
               +--------+--------+--------+--------+--------+-----+--------+

Top non-repeatable levels by time:
       D: 2271 daAuts
